 Dungeon Crawl Stone Soup version 0.21-a0-401-g0b6bec4 (webtiles) character file.

1348 grizmgrazm2 the Magician (level 8, -1/57 HPs)
             Began as a Demonspawn Transmuter on Oct 22, 2017.
             Slain by an orc warrior
             ... wielding a +0 glaive
              (14 damage)
             ... on level 7 of the Dungeon.
             The game lasted 00:21:25 (5891 turns).

grizmgrazm2 the Magician (Demonspawn Transmuter)    Turns: 5891, Time: 00:21:25

Health: -1/57      AC: 13    Str: 11    XL:     8   Next: 36%
Magic:  15/15      EV: 13    Int: 17    God:
Gold:   424        SH:  0    Dex: 13    Spells: 9/16 levels left

rFire    . . .     SeeInvis .   g - +4 dagger
rCold    . . .     Gourm    .   (no shield)
rNeg     . . .     Faith    .   q - +0 leather armour
rPois    .         Spirit   .   (helmet restricted)
rElec    .         Reflect  .   p - +0 cloak
rCorr    .         Harm     .   (no gloves)
MR       .....                  (boots currently unavailable)
Stlth    +++.......             (no amulet)
HPRegen  0.19/turn              (no ring)
MPRegen  0.14/turn              (no ring)

@: appendage, sanguine armour
A: horns 1, talons 3, nightstalker 1, powered by death 1, sanguine armour 2
a: End Transformation


You were on level 7 of the Dungeon.
You were not hungry.
You had grown temporary talons.
You visited 1 branch of the dungeon, and saw 7 of its levels.
You also visited: Sewer.

You collected 424 gold pieces.

Inventory:

Hand Weapons
 g - a +4 dagger (weapon)
Missiles
 a - 97 arrows
Armour
 p - a +0 cloak (worn)
 q - a +0 leather armour (worn)
 s - a +0 pair of boots
 A - a +0 large shield
Jewellery
 j - a +5 ring of protection
Wands
 b - a wand of confusion (40/48)
Scrolls
 h - a scroll of identify
 k - 4 scrolls of remove curse
 m - 3 scrolls of blinking
 r - a scroll of amnesia
 v - 2 scrolls of immolation {unknown}
 w - a scroll of magic mapping
 y - a scroll of fear
Potions
 e - a potion of flight
 l - 3 potions of berserk rage
 t - a potion of ambrosia
 u - a potion of invisibility
 x - a potion of degeneration {unknown}
Books
 c - a book of Changes

   Spells                             Type                      Level
   a - Beastly Appendage              Transmutation                1
   b - Sticks to Snakes               Transmutation                2
   c - Spider Form                    Transmutation/Poison         3
   d - Ice Form                       Ice/Transmutation            4
   e - Blade Hands                    Transmutation                5
Comestibles
 d - 6 bread rations
 f - 2 meat rations
 n - 2 royal jellies
 o - 4 fruits


   Skills:
 + Level 2.9 Fighting
 + Level 3.0 Short Blades
 + Level 2.0 Armour
 + Level 3.5 Dodging
 + Level 3.4 Stealth
 + Level 1.0 Shields
 + Level 3.1 Unarmed Combat
 * Level 4.7 Spellcasting
 * Level 4.5 Transmutations


You had 9 spell levels left.
You knew the following spells:

 Your Spells              Type           Power        Failure   Level  Hunger
a - Beastly Appendage     Tmut           ###...       3%          1    None
b - Sticks to Snakes      Tmut           ###.....     4%          2    #......
c - Ice Form              Ice/Tmut       ##......     58%         4    ####...


Dungeon Overview and Level Annotations

Branches:
Dungeon (7/15)
 Temple: D:4-7

Altars:
Ashenzari
Gozag
Okawaru
Qazlal
Trog
Zin
The Shining One


Innate Abilities, Weirdness & Mutations

You have a pair of small horns on your head.
You are slightly more attuned to the shadows.
You regenerate a little health from kills.
When seriously injured, your bleeding wounds create thick armour. (AC +9)
You have claws for feet.


Message History

You claw the orc warrior.
The orc warrior is heavily wounded.
The orc warrior closely misses you.
The orc throws a tomahawk.
The tomahawk hits you.
You hit the orc warrior but do no damage.
You headbutt the orc warrior.
The orc warrior is severely wounded.
The orc warrior hits you with a glaive!
* * * LOW HITPOINT WARNING * * *
Magic restored.
The orc warrior closely misses you.
You climb downwards.
There is a stone staircase leading up here.
You hit the orc warrior but do no damage.
Your kick misses the orc warrior.
The orc warrior is severely wounded.
You closely miss the orc warrior. Your kick misses the orc warrior.
You headbutt the orc warrior, but do no damage.
The orc warrior is severely wounded.
The orc warrior hits you with a glaive!
You die...

#...# ....
...# ...#
##...# #...#
#####...##..
#...#.......
#...@o......
#.........##
#.%.....####
#.....###
#....##
#.... .....


You could see an orc warrior.

Vanquished Creatures
  An ogre (D:5)
  A necrophage (D:5)
  2 centaurs
  5 bullfrogs
  3 howler monkeys
  A crimson imp (D:3)
  An orc priest (D:6)
  2 hounds (D:4)
  4 orc wizards
  Jessica (D:3)
  A worker ant (D:5)
  A hound skeleton (D:4)
  8 adders
  10 oozes
  An adder skeleton (D:5)
  7 worms
  4 dart slugs
  12 leopard geckos
  14 orcs
  11 ball pythons
  6 bats
  7 giant cockroaches
  7 goblins
  4 hobgoblins
  9 kobolds
  3 quokkas
  15 frilled lizards
  A quokka zombie (D:6)
  12 rats
154 creatures vanquished.

Vanquished Creatures (collateral kills)
  A crimson imp (D:6)
  A hound skeleton (D:5)
  A gnoll (D:4)
  An adder zombie (D:5)
  2 orcs
6 creatures vanquished.

Grand Total: 160 creatures vanquished

Notes
Turn   | Place    | Note
-------+----------+-------------------------------------------
     0 | D:1      | grizmgrazm2 the Demonspawn Transmuter began the quest for the Orb.
     0 | D:1      | Reached XP level 1. HP: 15/15 MP: 3/3
   289 | D:1      | Gained mutation: You have a pair of small horns on your head. [demonic ancestry]
   289 | D:1      | Reached XP level 2. HP: 20/21 MP: 3/5
   894 | D:2      | Gained mutation: You are slightly more attuned to the shadows. [demonic ancestry]
   894 | D:2      | Reached XP level 3. HP: 24/26 MP: 4/6
  1586 | D:3      | Found a stormy altar of Qazlal.
  1654 | D:3      | Found a shattered altar of Ashenzari.
  1891 | D:3      | Noticed a centaur
  1901 | D:3      | Killed a centaur
  1901 | D:3      | Reached skill level 1 in Short Blades
  1901 | D:3      | Reached skill level 1 in Stealth
  1901 | D:3      | Gained mutation: When seriously injured, your bleeding wounds create armour. (AC +9) [demonic ancestry]
  1901 | D:3      | Reached XP level 4. HP: 24/33 MP: 4/7
  1918 | D:3      | Reached XP level 5. HP: 30/38 MP: 5/8
  2116 | D:3      | Learned a level 4 spell: Ice Form
  2556 | D:3      | Noticed Jessica
  2560 | D:3      | Killed Jessica
  2630 | D:3      | Reached skill level 1 in Armour
  2782 | D:4      | Gained mutation: When seriously injured, your bleeding wounds create thick armour. (AC +9) [demonic ancestry]
  2782 | D:4      | Reached XP level 6. HP: 44/44 MP: 10/10
  2994 | D:4      | Found a glowing drain.
  3018 | Sewer    | Entered a sewer
  3470 | Sewer    | Gained mutation: You regenerate a little health from kills. [demonic ancestry]
  3470 | Sewer    | Reached XP level 7. HP: 43/51 MP: 12/12
  3709 | D:4      | Learned a level 2 spell: Sticks to Snakes
  3753 | D:4      | Found an opulent altar of Gozag.
  3884 | D:4      | Found a bloodstained altar of Trog.
  3884 | D:4      | Found an iron altar of Okawaru.
  3986 | D:4      | Found a glowing silver altar of Zin.
  4240 | D:5      | Entered Level 5 of the Dungeon
  4398 | D:5      | Found a glowing golden altar of the Shining One.
  5406 | D:6      | Reached XP level 8. HP: 31/57 MP: 14/14
  5631 | D:6      | Reached skill level 1 in Shields
  5891 | D:7      | Slain by an orc warrior

Vault maps used:
D:1:      dpeg_arrival_tiny_b
D:2:      minmay_misc_feat_tower
D:3:      overflow_temple_1_default, nicolae_ashenzari_panopticon, uniq_jessica
D:4:      grunt_temple_overflow_bloody_war, grunt_gozag_statues, zin_academy,
          gup_sewer_entry_glass, first_bread
D:5:      lemuel_crystal_altar
D:6:      nicolae_overflow_hidden_temple, temple_hall, uniq_sigmund
D:7:      grunt_ogre_cave
Sewer:    sewer_frog_island_02

Skill      XL: |  1  2  3  4  5  6  7  8 |
---------------+-------------------------+-----
Unarmed Combat | 3 |  3.1
Dodging        | 2 3 |  3.5
Transmutations | 2 3 4 |  4.5
Fighting       | 2 |  2.9
Short Blades   | 1 2 3 |  3.0
Stealth        | 1 2 3 |  3.4
Spellcasting   | 3 4 |  4.7
Armour         | 1 2 |  2.0
Shields        | 1 |  1.0

Action                   |  1- 3 |  4- 6 |  7- 9 || total
-------------------------+-------+-------+-------++-------
Melee: Unarmed           |    12 |       |       ||    12
       Headbutt          |    10 |    26 |    34 ||    70
       Kick              |    12 |    22 |    29 ||    63
       Dagger            |    73 |   168 |   194 ||   435
       Punch             |       |       |     2 ||     2
 Cast: Beastly Appendage |    24 |    23 |    20 ||    67
       Sticks to Snakes  |       |       |    20 ||    20
  Use: Scroll            |     1 |    11 |     4 ||    16
       Potion            |       |     1 |     2 ||     3
 Stab: Sleeping          |     5 |    18 |     5 ||    28
       Distracted        |       |       |     1 ||     1
  Eat: Chunk             |     3 |     6 |     8 ||    17
       Fruit             |       |       |     1 ||     1
Armor: Robe              |    12 |       |       ||    12
       Leather armour    |     7 |    59 |    81 ||   147
Dodge: Dodged            |    52 |    99 |   110 ||   261
Block: Large shield      |       |       |    20 ||    20

Table legend:
 A = Spawn XP
 B = Non-spawn XP
 C = Spawn XP percentage of total XP
 D = Spawn monster count
 E = Non-spawn monster count
 F = Spawn count percentage of total count
 G = Total turns spent on level
                    A         B        C        D         E        F      G
               +---------+---------+-------+---------+---------+-------+---------
         Total |       0 |    1926 |   0.0 |       0 |     160 |   0.0 |  5891
               +---------+---------+-------+---------+---------+-------+---------
           D:1 |       0 |      35 |   0.0 |       0 |      20 |   0.0 |   826
           D:2 |       0 |      23 |   0.0 |       0 |      12 |   0.0 |   696
           D:3 |       0 |     295 |   0.0 |       0 |      37 |   0.0 |  1258
           D:4 |       0 |     330 |   0.0 |       0 |      18 |   0.0 |   806
           D:5 |       0 |     392 |   0.0 |       0 |      13 |   0.0 |  1056
           D:6 |       0 |     606 |   0.0 |       0 |      16 |   0.0 |   356
           D:7 |       0 |       2 |   0.0 |       0 |       1 |   0.0 |   239
         Sewer |       0 |     243 |   0.0 |       0 |      43 |   0.0 |   654
               +---------+---------+-------+---------+---------+-------+---------
